AoeStats
← Jan_Rui

Black Forest

510140898Analyzed
4v4 RM · 4d ago on Sep 29, 2026· 30m 16s· 8 players
Game mode
Random Map
Map size
Large (8 player)
Population
200
Speed
Normal
Resources
Standard
Victory
Conquest
Starting age
Dark Age
Ending age
Imperial Age
RankedLock teamsTeams togetherTeam positionsShared explorationLock speedFull tech treeHidden civsTurbo modeCheats
Victory
Defeat
🇹🇷 Turks · Türkiye
1090
+13
🇨🇴 Bohemians · Colombia
1080
+13
🇨🇿 Italians · Czechia
985
+17
🇩🇪 Cumans · Germany
950
+18
🇨🇴 Ethiopians · Colombia
1029
-16
🇦🇺 Turks · Australia
1010
-15
🇱🇹 Celts · Lithuania
1008
-15
🇺🇸 Vietnamese · United States
1000
-45
sleep room devil
3:16 Loom
23:36 Feudal Age
25:04 Wheelbarrow
25:37 Man-at-Arms
Jan_Rui
12:27 Feudal Age
13:44 Wheelbarrow
18:17 Castle Age
17:50 Double-Bit Axe
17:46 Horse Collar
19:27 Bow Saw
23:21 Loom
23:53 Hand Cart
23:27 Loom
26:11 Gold Mining
Sims_doc
7:10 Loom
13:15 Feudal Age
15:12 Double-Bit Axe
17:30 Castle Age
15:40 Gold Mining
16:11 Horse Collar
22:21 Imperial Age
20:39 Ballistics
23:47 Bombard Tower
24:50 Fortified Wall
26:42 Wheelbarrow
stasaitis
4:53 Loom
11:51 Feudal Age
15:23 Castle Age
14:08 Double-Bit Axe
14:47 Horse Collar
15:37 Stone Mining
15:56 Gold Mining
24:59 Arson
25:00 Gambesons
27:20 Bow Saw
28:03 Scale Mail Armor
28:13 Forging
29:24 Stronghold
30:21 Chain Mail Armor
Ansscar
8:36 Loom
11:51 Feudal Age
16:59 Castle Age
14:53 Horse Collar
15:06 Double-Bit Axe
19:57 Fervor
24:56 Redemption
25:30 Town Watch
26:21 Wheelbarrow
27:15 Bow Saw
27:07 Heavy Plow
29:24 Caravan
30:24 Hand Cart
Zuzujj
1:54 Loom
11:06 Feudal Age
16:56 Castle Age
15:58 Double-Bit Axe
19:25 Horse Collar
20:49 Crossbowman
26:40 Wheelbarrow
26:28 Fletching
26:40 Padded Archer Armor
27:46 Forging
27:42 Scale Barding Armor
28:24 Bloodlines
28:10 Light Cavalry
29:17 Husbandry
29:43 Leather Archer Armor
IndischerHammer
11:04 Feudal Age
11:35 Double-Bit Axe
12:05 Horse Collar
13:36 Wheelbarrow
22:47 Castle Age
23:38 Bow Saw
23:31 Heavy Plow
24:13 Stone Mining
25:14 Hand Cart
25:01 Gold Mining
26:51 Gold Shaft Mining
27:33 Forging
27:28 Scale Barding Armor
29:26 Bloodlines
32:14 Imperial Age
CyberKing06
1:23 Loom
12:24 Feudal Age
13:54 Double-Bit Axe
14:15 Horse Collar
22:09 Castle Age
20:13 Gold Mining
26:43 Imperial Age
25:00 Bow Saw
30:50 Wheelbarrow
Connection lost

Rejoining the realm…

Still unreachable

The connection could not be restored.

Session expired

The server has moved on; the page needs a fresh start.